 Dungeon Crawl Stone Soup version 0.21.1-1-g345015f (webtiles) character file.

2573 Chrisjfl the Basher (level 9, 41/43 HPs)
             Began as a Vine Stalker Berserker on Feb 12, 2018.
             Was a High Priest of Trog.
             Quit the game on level 6 of the Dungeon on July 24, 2018.
             The game lasted 00:19:01 (6036 turns).

Chrisjfl the Basher (Vine Stalker Berserker)        Turns: 6036, Time: 00:19:02

Health: 41/43      AC:  5    Str: 20    XL:     9   Next: 57%
Magic:  10/10      EV: 12    Int:  7    God:    Trog [*****.]
Gold:   276        SH:  0    Dex: 17    Spells: 8/8 levels left

rFire    . . .     SeeInvis .   N - -1 whip
rCold    . . .     Gourm    .   (no shield)
rNeg     . . .     Faith    .   f - +0 leather armour
rPois    .         Spirit   +   (no helmet)
rElec    .         Reflect  .   o - +1 cloak
rCorr    .         Harm     .   (no gloves)
MR       +....                  (no boots)
Stlth    +.........             (no amulet)
HPRegen  0.54/turn              (no ring)
MPRegen  0.12/turn              (no ring)

@: no status effects
A: fangs 3, regeneration 1, magic shield, antimagic bite, no potion heal 3, rot
immunity
a: Berserk, Trog's Hand, Brothers in Arms, Burn Spellbooks, Renounce Religion


You were on level 6 of the Dungeon.
You worshipped Trog.
Trog was extremely pleased with you.
You were not hungry.

You visited 1 branch of the dungeon, and saw 6 of its levels.
You also visited: Ossuary.

You collected 276 gold pieces.

Inventory:

Hand Weapons
 a - a +0 whip
 b - a +0 hunting sling
 d - a +0 mace
 n - a +4 quarterstaff of chaos
 M - a +2 dire flail of holy wrath
 N - a -1 whip (weapon)
Missiles
 e - 169 stones (quivered)
 t - 2 throwing nets
 v - 47 sling bullets
Armour
 f - a +0 leather armour (worn)
 i - a cursed +0 buckler
 j - a +0 animal skin
 o - a +1 cloak (worn)
 L - a +0 plate armour
Jewellery
 I - an uncursed ring of fire {unknown}
Wands
 r - a wand of flame (14)
 u - a wand of enslavement (11)
 J - a wand of paralysis (7)
Scrolls
 k - 2 scrolls of magic mapping {unknown}
 l - a scroll of immolation {unknown}
 s - a scroll of enchant armour {unknown}
 x - 4 scrolls of teleportation {unknown}
 y - 3 scrolls of noise {unknown}
 A - 2 scrolls of identify
 C - a scroll of amnesia {unknown}
 F - a scroll of blinking
 G - a scroll of fog {unknown}
Potions
 g - 3 potions of resistance
 h - 2 potions of heal wounds
 m - 4 potions of curing {unknown}
 p - 2 potions of magic
 q - 3 potions of flight
 w - 2 potions of might
 z - 2 potions of lignification {unknown}
 D - 2 potions of brilliance
 E - a potion of invisibility
 H - a potion of cancellation {unknown}
Comestibles
 c - 12 rations
 K - 9 chunks of flesh


   Skills:
 - Level 2.6 Fighting
 + Level 11.7 Maces & Flails
 - Level 1.5 Armour
 - Level 1.5 Dodging


You had 8 spell levels left.
You didn't know any spells.

Dungeon Overview and Level Annotations

Branches:
Dungeon (6/15)
 Temple: D:4-7

Altars:
Gozag

Shops:
D:6 %


Innate Abilities, Weirdness & Mutations

You have razor-sharp teeth.
Your natural rate of healing is unusually fast.
When hurt, damage is shared between your health and your magic reserves.
Your bite disrupts and absorbs the magic of your enemies.
Potions cannot restore your health.
You are immune to rotting.


Message History

No target in view!
You see here an adder corpse.
You butcher the adder corpse.
K - 10 chunks of flesh (gained 1)
You feel sick.
You start resting.
You feel sick. x2
You recover from your berserk rage.
You start resting.
Eating one of 10 chunks of flesh.
You eat one of the 10 chunks of flesh.
This raw flesh tastes terrible.
You feel sick.
You are no longer poisoned.
Save game and exit?
Welcome back, Chrisjfl the Vine Stalker Berserker.
Trog says: Kill them all!
Press ? for a list of commands and other information.
Welcome back, Chrisjfl the Vine Stalker Berserker.
Trog says: Kill them all!
Press ? for a list of commands and other information.
Are you sure you want to abandon this character and quit the game? (Confirm with "yes".)

...##...####.#.##.##..#........#
...##........#.##.....#..........
...##...######.##.##.############
...##...# #.......# ..)...#.#
####.#### ...##...# #.# #
...[.#### #.# ...
...#.############.#.....
....∩#..........@........
.......########...#.....#
.......# #...#......# ..#..#.#
#....##.##### ..>..#.# ##.!.# ##
....##.# ##.#. ######.# #. # #
... #. ...


There were no monsters in sight!

Vanquished Creatures
  The ghost of theEndsummarily the Sneak, a novice OpTm of Ru (D:6)
  2 orc warriors (D:6)
  A phantom (D:4)
  2 ice beasts
  2 ogres
  A centaur (D:5)
  3 bullfrogs (D:6)
  3 scorpions
  A howler monkey (D:6)
  3 crimson imps
  4 hounds
  A jelly (D:6)
  A centaur skeleton (D:4)
  3 orc wizards (D:6)
  An orc priest (D:6)
  Crazy Yiuf (D:2)
  Terence (D:2)
  An iguana (D:2)
  2 worker ants
  The ghost of RegularSin the Skirmisher, a weakling MiBe of Trog (D:3)
  13 mummies (Ossuary)
  A worker ant zombie (D:6)
  3 gnolls (D:3)
  8 adders
  A howler monkey skeleton (D:6)
  An ooze (D:3)
  2 worms
  2 dart slugs
  4 leopard geckos
  16 orcs
  8 giant cockroaches
  14 goblins
  10 hobgoblins
  12 jackals
  5 quokkas
  2 ball pythons
  7 bats
  4 frilled lizards
  2 gnoll skeletons (Ossuary)
  3 goblin skeletons (Ossuary)
  8 kobolds
  A kobold skeleton (Ossuary)
  2 orc skeletons (Ossuary)
  2 quokka skeletons
  7 rats
  11 rat skeletons (Ossuary)
184 creatures vanquished.

Vanquished Creatures (others)
  A sky beast (D:5)
1 creature vanquished.

Grand Total: 185 creatures vanquished

Notes
Turn   | Place    | Note
-------+----------+-------------------------------------------
     0 | D:1      | Chrisjfl the Vine Stalker Berserker began the quest for the Orb.
     0 | D:1      | Reached XP level 1. HP: 11/11 MP: 2/2
    54 | D:1      | Reached skill level 3 in Maces & Flails
   125 | D:1      | Reached XP level 2. HP: 16/16 MP: 3/3
   384 | D:1      | Reached XP level 3. HP: 9/19 MP: 0/4
   385 | D:1      | Reached ** piety under Trog
   944 | D:2      | Reached skill level 4 in Maces & Flails
  1413 | D:2      | Noticed Terence
  1426 | D:2      | Killed Terence
  1426 | D:2      | Gained mutation: Your natural rate of healing is unusually fast. [Vine Stalker growth]
  1426 | D:2      | Reached XP level 4. HP: 18/23 MP: 5/5
  1712 | D:2      | Found a runed door.
  1716 | D:2      | Noticed Crazy Yiuf
  1720 | D:2      | Killed Crazy Yiuf
  1720 | D:2      | Reached skill level 5 in Maces & Flails
  1720 | D:2      | Reached XP level 5. HP: 27/27 MP: 6/6
  2492 | D:3      | Noticed RegularSin's ghost (weakling MiBe)
  2509 | D:3      | Killed RegularSin's ghost
  2574 | D:3      | Reached XP level 6. HP: 29/32 MP: 7/7
  2582 | D:3      | Reached skill level 6 in Maces & Flails
  3011 | D:4      | Reached *** piety under Trog
  3291 | D:4      | Noticed a phantom
  3300 | D:4      | Killed a phantom
  3461 | D:4      | Reached skill level 7 in Maces & Flails
  3461 | D:4      | Reached XP level 7. HP: 35/35 MP: 8/8
  3826 | D:5      | Entered Level 5 of the Dungeon
  3949 | D:5      | Found a sand-covered staircase.
  3955 | Ossuary  | Entered an ossuary
  4090 | Ossuary  | Reached **** piety under Trog
  4542 | D:5      | Reached skill level 8 in Maces & Flails
  4657 | D:5      | Gained mutation: You have razor-sharp teeth. [Vine Stalker growth]
  4657 | D:5      | Reached XP level 8. HP: 23/39 MP: 4/9
  4887 | D:5      | Reached skill level 9 in Maces & Flails
  5058 | D:5      | Found an opulent altar of Gozag.
  5405 | D:6      | Noticed theEndsummarily's ghost (novice OpTm)
  5512 | D:6      | Reached ***** piety under Trog
  5608 | D:6      | Reached skill level 10 in Maces & Flails
  5643 | D:6      | Reached XP level 9. HP: 27/43 MP: 5/10
  5739 | D:6      | Found Naucsais's Food Shop.
  5751 | D:6      | Killed theEndsummarily's ghost
  5751 | D:6      | Reached skill level 11 in Maces & Flails
  5809 | D:6      | Received a gift from Trog
  6036 | D:6      | Quit the game

Skill      XL: |  1  2  3  4  5  6  7  8  9 |
---------------+----------------------------+-----
Maces & Flails | 3 4 5 7 8 10 11 | 11.7
Fighting       | |  2.6
Armour         | |  1.5
Dodging        | |  1.5

Action                   |  1- 3 |  4- 6 |  7- 9 || total
-------------------------+-------+-------+-------++-------
Melee: Mace              |    74 |       |       ||    74
       Bite              |    25 |    59 |   160 ||   244
       Whip              |    43 |   185 |   393 ||   621
 Fire: Hunting sling     |       |     2 |     7 ||     9
Throw: Stone             |     2 |     2 |     1 ||     5
Invok: Berserk           |     4 |     8 |    11 ||    23
       Trog's Hand       |     1 |     2 |       ||     3
  Use: Scroll            |     1 |       |     7 ||     8
 Stab: Sleeping          |       |     1 |     1 ||     2
       Distracted        |       |       |     1 ||     1
  Eat: Chunk             |     5 |    11 |    14 ||    30
       Ration            |       |     1 |     2 ||     3
Armor: Animal skin       |    35 |    10 |       ||    45
       Leather armour    |       |    27 |    50 ||    77
Dodge: Dodged            |    98 |   107 |   125 ||   330
